 Dungeon Crawl Stone Soup version 0.26.1-11-gd32895ea62 (webtiles) character file.

Game seed: 17402455168508397433

50 Groucho the Sneak (level 3, 0/24 HPs)
             Began as a Spriggan Enchanter on July 26, 2021.
             Succumbed to a gnoll's poison
             ... on level 1 of the Dungeon.
             The game lasted 00:03:36 (2429 turns).

Groucho the Sneak (Spriggan Enchanter)              Turns: 2429, Time: 00:03:36

Health: 0/24       AC: 21    Str:  5    XL:     3   Next: 55%
Magic:  1/8        EV:  4    Int: 16    God:
Gold:   46         SH:  0    Dex: 16    Spells: 5/8 levels left

rFire    . . .     SeeInvis +   a - +1 dagger
rCold    . . .     Faith    .   (shield restricted)
rNeg     + + +     Spirit   .   (armour currently unavailable)
rPois    +         Reflect  .   (helmet currently unavailable)
rElec    .         Harm     .   (cloak currently unavailable)
rCorr    .         Rampage  .   (gloves unavailable)
Will     .....     NoTele   +   (boots unavailable)
Stlth    +++.......             (no amulet)
HPRegen  0.08/turn              (no ring)
MPRegen  0.11/turn              (no ring)

@: lethally poisoned (0 -> -10), tree-form, attractive, very slightly
contaminated, hasted, invisible, very quick
A: very small, unfitting armour, see invisible
a: no special abilities


You were on level 1 of the Dungeon.
You were a tree.
You visited 1 branch of the dungeon, and saw 2 of its levels.

You collected 46 gold pieces.

Inventory:

Hand Weapons
 a - a +1 dagger (weapon)
Missiles
 n - 2 stones
Armour
 b - a +0 robe (melded)
Jewellery
 f - an uncursed amulet of reflection {unknown}
Scrolls
 c - a scroll of immolation {unknown}
 d - 2 scrolls of identify {unknown}
 k - a scroll of amnesia {unknown}
 l - a scroll of blinking {unknown}
Potions
 j - a potion of flight {unknown}
 m - a potion of might {unknown}


   Skills:
 - Level 1.1 Short Blades
 - Level 3.0 Dodging
 * Level 6.0 Stealth
 + Level 3.3 Spellcasting
 + Level 4.2 Hexes


You had 5 spell levels left.
You knew the following spells:

 Your Spells              Type           Power        Failure   Level
a - Corona                Hex            17%          3%          1
b - Ensorcelled Hibernat  Hex/Ice        18%          12%         2

Your spell library contained the following spells:

 Spells                   Type           Power        Failure   Level
 Confusing Touch          Hex            16%          10%         3
 Tukima's Dance           Hex            16%          10%         3
 Dazzling Flash           Conj/Hex       18%          22%         3


Dungeon Overview and Level Annotations

Branches:
Dungeon (2/15)

Altars:
Ru


Innate Abilities, Weirdness & Mutations

You are very small and have problems with some larger weapons.
You are too small for most types of armour.
You have supernaturally acute eyesight. (SInv)
((You cover ground extremely quickly.))


Message History

You are more poisoned.
You climb upwards.
* * * LOW HITPOINT WARNING * * *
You feel sick.
There is a stone staircase leading down here.
It was a potion of invisibility.
You fade into invisibility!
* * * LOW HITPOINT WARNING * * *
You feel sick.
You are very lightly contaminated with residual magic.
It was a potion of lignification.
You turn into a tree.
Your +0 robe melds into your body.
Your roots penetrate the ground.
* * * LOW HITPOINT WARNING * * *
You feel sick.
It was a potion of attraction.
You feel attractive to monsters.
* * * LOW HITPOINT WARNING * * *
You feel sick.
It was a potion of haste.
You feel yourself speed up.
You die...

###.#######......#
#................#
#.#..............#
#.#.###########..#
#.....#..........#
####.#.#.########.#
#........# ######)#
#........###...##.###
#..†♣.......)........
#........###...##.###
#####.....##...##.#
#.>...##......#
#.....#####...#
###.#..........#
#......#####...#
#.).........####
#......####.#


There were no monsters in sight!

Vanquished Creatures
  A gnoll (D:2)
  2 worms (D:2)
  2 dart slugs (D:1)
  A leopard gecko (D:1)
  2 ball pythons (D:1)
  4 bats
  2 giant cockroaches (D:1)
  2 goblins (D:1)
  5 hobgoblins (D:1)
  3 kobolds
  3 rats (D:1)
27 creatures vanquished.

Notes
Turn   | Place    | Note
-------+----------+-------------------------------------------
     0 | D:1      | Groucho the Spriggan Enchanter began the quest for the Orb.
     0 | D:1      | Reached XP level 1. HP: 9/9 MP: 5/5
   235 | D:1      | Reached XP level 2. HP: 8/13 MP: 6/6
   238 | D:1      | Learned a level 2 spell: Ensorcelled Hibernation
   399 | D:1      | Reached skill level 5 in Stealth
  1649 | D:1      | Reached XP level 3. HP: 15/16 MP: 1/8
  2118 | D:2      | Found a sacrificial altar of Ru.
  2301 | D:1      | Reached skill level 6 in Stealth
  2428 | D:1      | HP: 1/24 [poisoned by a gnoll]
  2429 | D:1      | Succumbed to a gnoll's poison

Illustrated notes

Levels and vault maps discovered:
D:1:      dpeg_arrival_radiant, layout_basic
D:2:      layout_loops_cross, nicolae_ru_the_path_less_chosen, uniq_terence,
          uniq_crazy_yiuf_cottage

Skill      XL: |  1  2  3 |
---------------+----------+-----
Stealth        | 5 6 |  6.0
Spellcasting   | 3 |  3.3
Hexes          | 4 |  4.2
Short Blades   | |  1.1
Dodging        | |  3.0

Action                   || total
-------------------------++-------
Melee: Dagger            ||    88
 Cast: Ensorcelled Hiber ||    19
  Use: Potion            ||     4
 Stab: Sleeping          ||    15
Armor: Robe              ||    10
Dodge: Dodged            ||    71
